 Dungeon Crawl Stone Soup version 0.20.1-1-g8b1a95d (webtiles) character file.

166 vatarom the Ruffian (level 5, 0/53 HPs)
             Began as a Troll Transmuter on Sept 20, 2017.
             Slain by an orc wizard
             ... wielding a +0 dagger
              (3 damage)
             ... on level 3 of the Dungeon.
             The game lasted 00:05:32 (1838 turns).

vatarom the Ruffian (Troll Transmuter)              Turns: 1838, Time: 00:05:33

Health: 0/53       AC:  6    Str: 18    XL:     5   Next: 22%
Magic:  5/5        EV: 10    Int:  9    God:
Gold:   134        SH:  0    Dex: 11    Spells: 5/6 levels left

rFire    . . .     SeeInvis .     - Unarmed
rCold    . . .     Gourm    +   (no shield)
rNeg     . . .     Faith    .   b - +1 robe
rPois    .         Spirit   .   (helmet restricted)
rElec    .         Reflect  .   (no cloak)
rCorr    .         Harm     +   (gloves unavailable)
MR       .....                  (boots unavailable)
Stlth    ++........             e - amulet of harm
Regen    0.6/turn               (no ring)
MPRegen  0.1/turn               (no ring)

@: no status effects
A: unfitting armour, claws 3, camouflage 1, fast metabolism 3, gourmand,
regeneration 1, robust 1, shaggy fur 1, tough skin 2, MP-powered wands
a: no special abilities


You were on level 3 of the Dungeon.
You were not hungry.

You visited 1 branch of the dungeon, and saw 3 of its levels.

You collected 134 gold pieces.

Inventory:

Missiles
 a - 20 arrows
Armour
 b - a +1 robe (worn)
Jewellery
 e - an amulet of harm (around neck)
Scrolls
 g - 4 scrolls of identify
 h - 2 scrolls of remove curse
 i - a scroll of recharging
 l - a scroll of amnesia {unknown}
 n - a scroll of teleportation
Books
 c - a book of Changes

   Spells                             Type                      Level
   a - Beastly Appendage              Transmutation                1
   b - Sticks to Snakes               Transmutation                2
   c - Spider Form                    Transmutation/Poison         3
   d - Ice Form                       Ice/Transmutation            4
   e - Blade Hands                    Transmutation                5
Comestibles
 d - 4 bread rations
 f - 8 fruits
 m - 2 royal jellies
 p - a meat ration


   Skills:
 + Level 2.0 Fighting
 + Level 2.2 Dodging
 * Level 5.0 Unarmed Combat
 - Level 1.2 Spellcasting
 - Level 1.5 Transmutations


You had 5 spell levels left.
You knew the following spells:

 Your Spells              Type           Power        Failure   Level  Hunger
a - Beastly Appendage     Tmut           #.....       21%         1    ##.....


Dungeon Overview and Level Annotations

Branches:
Dungeon (3/15)

Altars:
Qazlal


Innate Abilities, Weirdness & Mutations

You are too large for most types of armour.
You have claws for hands.
Your metabolism is lightning-fast.
You like to eat raw meat.
Your natural rate of healing is unusually fast.
You are covered in fur. (AC +1)
You have very tough skin. (AC +2)
Your skin changes colour to match your surroundings (Stealth+).
You are robust. (+10% HP)
You expend magic power (3 MP) to strengthen your wands.


Message History

Unknown command.
You scratch the orc priest.
You kill the orc priest!
Your Fighting skill increases to level 2!
Your Unarmed Combat skill increases to level 5!
You have reached level 5!
You scratch the orc wizard but do no damage.
The orc wizard casts a spell at you. The magic dart hits you!
* * * LOW HITPOINT WARNING * * *
The orc wizard casts a spell.
The orc wizard seems to speed up.
Unknown command.
You barely miss the orc wizard. The orc wizard closely misses you. x2
Unknown command.
You closely miss the orc wizard. Your claw misses the orc wizard.
The orc wizard hits you with a dagger.
* * * LOW HITPOINT WARNING * * *
The orc wizard hits you with a dagger.
You die...

#...'..).).....).......
#...##8##8##8##.##8##8*
###.###########.#######
#.#..#.* #8.8#.....
#.##...######.##.....
#.##.#.##..##.##.....
#.##.#....###.##.....
#..o....##.#8.8#...#.
##..#@#.....##.##.....
#..##o###...##'##.##..
##.........#<....#.##..
#.....#######..#.....>.
####..#####............
#.............##.####
#####.#........)........(
#............).)......###
#.............##.........


You could see 2 orc wizards.

Vanquished Creatures
  An orc priest (D:3)
  An iguana (D:3)
  4 adders
  3 worms (D:2)
  3 dart slugs
  A leopard gecko (D:2)
  3 orcs (D:3)
  3 giant cockroaches (D:2)
  10 goblins
  4 hobgoblins
  3 jackals (D:2)
  2 quokkas (D:2)
  5 bats
  6 frilled lizards
  7 kobolds
  3 rats
59 creatures vanquished.

Vanquished Creatures (others)
  A rat (D:1)
1 creature vanquished.

Grand Total: 60 creatures vanquished

Notes
Turn   | Place    | Note
-------+----------+-------------------------------------------
     0 | D:1      | vatarom the Troll Transmuter began the quest for the Orb.
     0 | D:1      | Reached XP level 1. HP: 18/18 MP: 1/1
   244 | D:1      | Reached XP level 2. HP: 26/26 MP: 2/2
   766 | D:2      | Reached skill level 1 in Fighting
   766 | D:2      | Reached XP level 3. HP: 33/33 MP: 3/3
   796 | D:2      | Reached skill level 4 in Unarmed Combat
   918 | D:2      | Reached XP level 4. HP: 41/41 MP: 4/4
  1139 | D:2      | Found a stormy altar of Qazlal.
  1629 | D:3      | HP: 2/42 [iguana (14)]
  1661 | D:3      | Gained mutation: You expend magic power (3 MP) to strengthen your wands. [potion of mutation]
  1661 | D:3      | Gained mutation: Your skin changes colour to match your surroundings (Stealth+). [potion of mutation]
  1661 | D:3      | Gained mutation: You are robust. (+10% HP) [potion of mutation]
  1835 | D:3      | Reached skill level 5 in Unarmed Combat
  1835 | D:3      | Reached XP level 5. HP: 5/53 MP: 5/5
  1838 | D:3      | Slain by an orc wizard

Skill      XL: |  1  2  3  4 |
---------------+-------------+-----
Fighting       | 1 2 |  2.0
Unarmed Combat | 4 5 |  5.0
Dodging        | 2 |  2.2
Spellcasting   | |  1.2
Transmutations | |  1.5

Action                   |  1- 3 |  4- 6 || total
-------------------------+-------+-------++-------
Melee: Unarmed           |   100 |    77 ||   177
       Punch             |     1 |       ||     1
  Use: Scroll            |     3 |     4 ||     7
       Potion            |       |     4 ||     4
 Stab: Sleeping          |     2 |     1 ||     3
       Distracted        |       |     1 ||     1
  Eat: Chunk             |     7 |     3 ||    10
       Bread ration      |       |     1 ||     1
       Fruit             |       |     1 ||     1
Armor: Robe              |    32 |    26 ||    58
Dodge: Dodged            |    46 |    43 ||    89
